 Dungeon Crawl Stone Soup version 0.29-a0-284-gf9362112df (webtiles) character file.

Game seed: 9694825086341142984

51 olourkin the Grasshopper (level 3, 0/24 (43) HPs)
             Began as a Palentonga Warper on Mar 30, 2022.
             Slain by an orc
             ... wielding a +0 hand axe
              (4 damage)
             ... on level 3 of the Dungeon.
             The game lasted 00:12:44 (2382 turns).

olourkin the Grasshopper (Palentonga Warper)        Turns: 2382, Time: 00:12:44

HP:   0/24 (43)     AC: 21    Str: 16    XL:     3   Next: 57%
MP:   6/6           EV:  1    Int: 13    God:
Gold: 133           SH:  0    Dex:  9    Spells: 4/6 levels left

rFire   . . .      SeeInvis +   a - +0 falchion
rCold   . . .      Faith    .   (no shield)
rNeg    . . .      Spirit   .   (body armour currently unavailable)
rPois   +          Reflect  .   (helmet currently unavailable)
rElec   .          Harm     .   (cloak currently unavailable)
rCorr   .          Rampage  .   (gloves currently unavailable)
Will    .....      NoTele   +   (no barding)
Stlth   +.........              (no amulet)
HPRegen 0.08/turn               (no ring)
MPRegen 0.10/turn               (no ring)

@: tree-form, very heavily drained
A: stationary, stasis, torment immunity, boosted hp, large, rugged brown scales
3, see invisible, (deformed body), (roll 1), (armoured tail)
a: no special abilities


You were on level 3 of the Dungeon.
You were a tree.
You visited 1 branch of the dungeon, and saw 3 of its levels.

You collected 133 gold pieces.

Inventory:

Hand Weapons
 a - a +0 falchion (weapon)
 j - a +0 dagger of venom
Missiles
 d - 7 boomerangs of dispersal
 g - 11 boomerangs
 m - 14 stones (quivered)
Armour
 b - a +0 leather armour
 n - the +0 leather armour "Byqoumob" (melded) {rF+ Will+ Slay+3}
   (You found it on level 2 of the Dungeon)

   Slay:      It affects your accuracy & damage with ranged weapons and melee
   (+3).
   rF:        It protects you from fire.
   Will:      It increases your willpower.
Scrolls
 c - 2 scrolls of blinking
 e - 4 scrolls of teleportation {unknown}
 i - a scroll of summoning {unknown}
 k - a scroll of holy word {unknown}
 l - 2 scrolls of identify {unknown}
 o - a scroll of brand weapon {unknown}
 p - a scroll of fear {unknown}


   Skills:
 - Level 2.3 Fighting
 + Level 2.7 Long Blades
 - Level 1.0 Throwing
 - Level 1.2 Armour
 - Level 1.8 Dodging
 - Level 2.1 Spellcasting
 - Level 3.2 Translocations


You had 4 spell levels left.
You knew the following spells:

 Your Spells              Type           Power      Damage    Failure   Level
b - Blink                 Tloc           18%        N/A       11%         2

Your spell library contained the following spells:

 Spells                   Type           Power      Damage    Failure   Level
 Gell's Gravitas          Tloc           9%         N/A       21%         3
 Lesser Beckoning         Tloc           9%         N/A       21%         3
 Teleport Other           Tloc           9%         N/A       21%         3
 Foxfire                  Conj/Fire      4%         2x1d4     26%         1
 Freeze                   Ice            4%         1d3       26%         1
 Sting                    Tmut/Pois      4%         1d3       26%         1
 Conjure Flame            Conj/Fire      1%         6-21      58%         3
 Frozen Ramparts          Ice            2%         1d2       58%         3
 Inner Flame              Hex/Fire       1%         N/A       58%         3
 Flame Wave               Conj/Fire      1%         2d4       94%         4
 Hailstorm                Conj/Ice       1%         3d3       94%         4
 Manifold Assault         Tloc           9%         N/A       88%         5


Dungeon Overview and Level Annotations

Branches:
Dungeon (3/15)

Altars:


Innate Abilities, Weirdness & Mutations

You are a tree.
Your roots penetrate the ground, keeping you stationary.
You cannot be teleported.
You are immune to unholy pain and torment.
Your maximum health is greatly increased.
Your equipment is partially melded.
(You are completely covered in rugged brown scales. (AC +3, +7% HP))
You have supernaturally acute eyesight. (SInv)
((Armour fits poorly on your strangely shaped body.))
((You can roll at nearby foes to attack.))
((You have a long armoured tail.))


Message History

The orc hits you with a +2 flail of draining.
* * * LOW HITPOINT WARNING * * *
You feel drained.
* * * LOW HITPOINT WARNING * * *
It was a potion of ambrosia.
You are confused.
You feel invigorated. The orc hits you but does no damage.
You feel drained.
It was a potion of lignification.
You turn into a tree.
The +0 leather armour "Byqoumob" {rF+ Will+ Slay+3} melds into your body.
Your roots penetrate the ground.
The orc hits you but does no damage. x2
You feel drained.
You cannot move. (Use ctrl+direction or * direction to attack without moving.)
You cannot move. (Use ctrl+direction or * direction to attack without moving.)
You hit the orc but do no damage.
You feel less invigorated.
You feel less confused.
A goblin comes into view. It is wielding a +0 club.
The orc hits you but does no damage. x2; You feel drained.
You closely miss the orc.
The orc hits you with a +2 flail of draining.
You feel drained. The orc hits you but does no damage.
The orc completely misses you. The orc hits you but does no damage.
You closely miss the orc. The orc hits you but does no damage.
The orc hits you with a +2 flail of draining.
You feel drained.
You closely miss the orc. The orc hits you but does no damage.
The orc hits you with a +2 flail of draining.
You feel drained.
* * * LOW HITPOINT WARNING * * *
You closely miss the orc. The orc hits you with a +0 hand axe.
* * * LOW HITPOINT WARNING * * *
The orc hits you but does no damage.
You feel drained.
You barely miss the orc. The orc hits you but does no damage. x2
You feel drained.
You barely miss the orc. The orc hits you but does no damage.
The orc completely misses you.
You hit the orc but do no damage.
The orc hits you with a +2 flail of draining.
* * * LOW HITPOINT WARNING * * *
You feel drained. The orc hits you with a +0 hand axe.
You die...

# #......#...#... #
.###.#.##..##...#..... .
...................... #
..o.(..)........#..... ###
..##.###(.#.#...#....# ...
#.###..#.......... ...
#.........#.....# ...#
#...##....g#..#..#####
##.... #..
#.....Ko♣......... ...... #.
#......o..#..... .....# #
#.....#.†.#...## .#.
........#...#...# [# .#
#.###............#####.#...#
# .....##...#..............
......###..#.......#.#...#
.##.#.# #.>...[....#.# .. #
#.###......#.#


You could see 2 orcs, a goblin and a kobold.

Vanquished Creatures
  A worm (D:2)
  4 ball pythons
  3 endoplasms (D:2)
  A giant cockroach (D:1)
  7 goblins
  5 hobgoblins
  5 jackals
  2 quokkas
  3 bats
  3 frilled lizards
  4 kobolds
  4 rats
42 creatures vanquished.

Notes
Turn   | Place    | Note
-------+----------+-------------------------------------------
     0 | D:1      | olourkin the Palentonga Warper began the quest for the Orb.
     0 | D:1      | Reached XP level 1. HP: 17/17 MP: 3/3
   377 | D:1      | Found a faded altar of an unknown god.
   380 | D:1      | Got Plato's Compendium of Distant Worlds
   443 | D:1      | Reached XP level 2. HP: 19/23 MP: 5/5
   613 | D:1      | Reached skill level 1 in Armour
  1283 | D:1      | Reached skill level 1 in Throwing
  1283 | D:1      | Reached XP level 3. HP: 7/28 MP: 6/6
  1584 | D:2      | Learned a level 2 spell: Blink
  2065 | D:2      | Identified the +0 leather armour "Byqoumob" {rF+ Will+
                  | Slay+3}
  2319 | D:3      | Identified the +1 ring mail "Juocwik" {Str-5 Int+2 Dex+2}
  2382 | D:3      | Slain by an orc

Illustrated notes

Levels and vault maps discovered:
D:1:      amcnicky_arrival_feature_with_door, layout_basic,
          shapermc_ecumenical_altar_rom_forum, hangedman_decor_clover_reticule,
          chequers_decorated_corner, hangedman_decor_growths,
          minmay_misc_feat_nine_boxes
D:2:      layout_rooms
D:3:      layout_basic, minmay_misc_feat_five, moated_statue

Skill      XL: |  1  2 |
---------------+-------+-----
Armour         | 1 |  1.2
Throwing       | 1 |  1.0
Fighting       | |  2.3
Long Blades    | |  2.7
Dodging        | |  1.8
Spellcasting   | |  2.1
Translocations | |  3.2

Action                   || total
-------------------------++-------
Melee: Falchion          ||   124
       Tailslap          ||    14
Throw: Stone             ||    29
 Abil: Rolling Charge    ||    25
  Use: Potion            ||     2
       Scroll            ||     1
Armor: Leather armour    ||    40
       Skin              ||    12
Dodge: Dodged            ||    68

Table legend: (Time is in decaauts)
 A = Elapsed time spent in this place.
 B = Non-inter-level travel time spent in this place.
 C = Inter-level travel time spent in this place.
 D = Time resting spent in this place.
 E = Time spent auto-exploring this place.
 F = Levels seen in this place.
 G = Mean time per level.
                   A        B        C        D        E       F      G
               +--------+--------+--------+--------+--------+-----+--------+
         Total |   2407 |   2325 |     82 |    754 |   1118 |   3 |  802.3 |
       Dungeon |   2407 |   2325 |     82 |    754 |   1118 |   3 |  802.3 |
               +--------+--------+--------+--------+--------+-----+--------+

Top non-repeatable levels by time:
     D:1: 1482 daAuts
     D:2: 773 daAuts
     D:3: 151 daAuts
